[Event "Iranian Final Chess Championship"]
[Site "?"]
[Date "2006.12.27"]
[Round "8"]
[White "Ardeshi, Mehrdad"]
[Black "Toufighi, Homayoun"]
[Result "0-1"]
[WhiteElo "2379"]
[BlackElo "2386"]
[PlyCount "100"]
[EventDate "2006.??.??"]
[TimeControl "240+2"]

{71MB, Fritz8.ctg} 1. d4 e6 2. Nf3 Nf6 3. c4 b6 4. g3 Bb7 5. Bg2 Be7 6. Nc3 O-O
7. O-O c5 8. d5 exd5 9. cxd5 d6 10. e4 Nbd7 11. e5 Ne8 12. e6 fxe6 13. dxe6
Ndf6 14. Re1 Nc7 15. Bf4 b5 16. Ng5 Bxg2 17. Kxg2 Qc8 18. Bxd6 Qb7+ 19. Kg1
Rfd8 20. Nf7 Nce8 21. Nxd8 Rxd8 22. Qe2 Nxd6 23. Rad1 b4 24. Na4 Qc6 25. Qc2 c4
26. Re5 Rf8 27. Rc5 Qb7 28. f4 g6 29. Qe2 Rc8 30. Rxc8+ Qxc8 31. Qe5 Qc6 32.
Nc5 c3 33. bxc3 Nc4 34. Qb8+ Kg7 35. cxb4 Bxc5+ 36. bxc5 Qxc5+ 37. Kh1 Qc6+ 38.
Kg1 Qc5+ 39. Kh1 Ne3 40. Qb7+ Kh6 41. Rb1 Nfg4 42. Qb2 Nd1 43. Rxd1 Nf2+ 44.
Kg2 Nxd1 45. Qf6 Ne3+ 46. Kf3 Nf5 47. g4 Qe3+ 48. Kg2 Qe2+ 49. Kg1 Qxg4+ 50.
Kf1 Qxf4+ 0-1

[Event "Iranian Final Chess Championship"]
[Site "?"]
[Date "2006.12.27"]
[Round "8"]
[White "Alavi, Sayed Javad"]
[Black "Darban, Morteza"]
[Result "0-1"]
[WhiteElo "2368"]
[BlackElo "2396"]
[PlyCount "116"]
[EventDate "2006.??.??"]
[TimeControl "240+2"]

{71MB, Fritz8.ctg} 1. e4 Nf6 2. e5 Nd5 3. d4 d6 4. Nf3 Bg4 5. Be2 e6 6. c4 Nb6
7. exd6 cxd6 8. O-O Be7 9. b3 O-O 10. Bb2 d5 11. c5 N6d7 12. b4 a6 13. Nbd2 Nc6
14. Qb3 Bf6 15. Rfc1 Qc7 16. a4 b6 17. b5 Na5 18. Qb4 axb5 19. cxb6 Qxb6 20.
Bxb5 Bxf3 21. Nxf3 Rfb8 22. Qe1 Qa7 23. Rab1 Nb6 24. Bc3 Nbc4 25. Ne5 Bxe5 26.
dxe5 Na3 27. Ra1 Nb3 28. Bc6 Nxa1 29. Bxa1 Nc4 30. Bc3 Qc5 31. Bxa8 Rxa8 32.
Qd1 Qa3 33. a5 Nxa5 34. Bxa5 Qxa5 35. Qd4 Qa3 36. Rb1 h6 37. h3 Qa2 38. Rc1 Qe2
39. Qf4 Qd3 40. Rc7 Qb1+ 41. Kh2 Qg6 42. Rc3 Qg5 43. Qd4 Rf8 44. Rg3 Qh5 45.
Qf4 Kh7 46. Qb4 Kg8 47. Qf4 Kh7 48. Qb4 Rc8 49. Qb1+ Kg8 50. Qb7 Rc1 51. Qb8+
Kh7 52. Qd6 Qd1 53. Rg4 Qg1+ 54. Kg3 Rc3+ 55. f3 Rc2 56. Kf4 Rxg2 57. Rxg2 Qxg2
58. Ke3 Qxh3 0-1

[Event "Iranian Final Chess Championship"]
[Site "?"]
[Date "2006.12.28"]
[Round "9"]
[White "Darban, Morteza"]
[Black "Moradi, Behrooz"]
[Result "1/2-1/2"]
[WhiteElo "2396"]
[BlackElo "2299"]
[Annotator ",User"]
[PlyCount "147"]
[EventDate "2006.??.??"]
[TimeControl "240+2"]

{27MB, Fritz9.ctg, L4R} 1. c4 Nf6 2. Nc3 e6 3. Nf3 b6 4. e4 Bb7 5. Qe2 c5 6. e5
Ng8 7. d4 cxd4 8. Nxd4 Ne7 9. Bg5 Qc8 10. Rd1 a6 11. h4 Nbc6 12. Nf3 Nf5 13.
Ne4 h6 14. Bf4 Bb4+ 15. Bd2 Be7 16. Bc3 h5 17. a3 Na5 18. Nfg5 Bc6 19. b4 Nb7
20. Qd3 a5 21. Ng3 Nxg3 22. Qxg3 axb4 23. Bxb4 Nc5 24. Be2 f6 25. Nh3 O-O 26.
O-O Ne4 27. Qg6 Bxb4 28. axb4 fxe5 29. Ng5 Nxg5 30. hxg5 Rf5 31. b5 Be4 32.
Qxh5 Qd8 33. Qh4 Rf4 34. Qh5 Rf5 35. Qh4 Rf4 36. Qh3 Qe7 37. g3 Qxg5 38. Rxd7
Rf6 39. Qg4 Qxg4 40. Bxg4 Rc8 41. Be2 Rh6 42. f3 Bf5 43. g4 Bg6 44. Ra1 e4 45.
Raa7 exf3 46. Rxg7+ Kh8 47. Bxf3 Rxc4 48. g5 Rh7 49. Rxh7+ Bxh7 50. Rb7 Rf4 51.
Kg2 Be4 52. Bxe4 Rxe4 53. Rxb6 Rg4+ 54. Kf3 Rxg5 55. Rb7 Kg8 56. Ke4 Kf8 57. b6
Rb5 58. Kd4 Ke8 59. Kc4 Rb1 60. Kc5 Kd8 61. Rb8+ Kd7 62. Rh8 e5 63. Rh5 Kc8 64.
Rxe5 Rc1+ 65. Kb5 Rb1+ 66. Kc6 Rc1+ 67. Kb5 Rb1+ 68. Ka6 Ra1+ 69. Ra5 Rxa5+ 70.
Kxa5 Kb7 71. Kb5 Kb8 72. Ka6 Ka8 73. b7+ Kb8 74. Kb6 1/2-1/2

[Event "Iranian Final Chess Championship"]
[Site "?"]
[Date "2006.12.28"]
[Round "9"]
[White "Toufighi, Homayoun"]
[Black "Alavi, Sayed Javad"]
[Result "1/2-1/2"]
[WhiteElo "2386"]
[BlackElo "2369"]
[Annotator ",User"]
[PlyCount "142"]
[EventDate "2006.??.??"]
[TimeControl "240+2"]

{27MB, Fritz9.ctg, L4R} 1. e4 e5 2. Nf3 Nc6 3. Bc4 Nf6 4. d4 exd4 5. O-O Nxe4
6. Re1 d5 7. Bxd5 Qxd5 8. Nc3 Qh5 9. Nxe4 Be6 10. Bg5 h6 11. Bh4 Bb4 12. c3
dxc3 13. bxc3 Ba5 14. Ng3 Qg6 15. Ne5 Nxe5 16. Rxe5 Bb6 17. Qa4+ Kf8 18. Rae1
Kg8 19. Nh5 Kh7 20. Nf4 Qg4 21. Bg3 Rhd8 22. Kh1 Bf5 23. h3 Qg5 24. Nd5 Qd2 25.
R1e2 Qd3 26. Nxb6 axb6 27. Qf4 Bg6 28. Kh2 Qxc3 29. R5e3 Qa1 30. Qxc7 Rd1 31.
Be5 Rh1+ 32. Kg3 Qg1 33. f4 Rxa2 34. Qc4 Qh2+ 35. Kh4 Rxe2 36. Qxe2 Qg1 37. Rg3
Qb1 38. Qg4 Qb4 39. Qd7 Re1 40. Rxg6 Rxe5 41. Qxf7 Qe7+ 42. Qxe7 Rxe7 43. Rxb6
Kg8 44. Kh5 Kf7 45. f5 Rc7 46. g4 Rd7 47. h4 Rc7 48. Rb4 Kf6 49. Rb6+ Kf7 50.
Rb5 Kg8 51. g5 hxg5 52. hxg5 Kf7 53. Rb6 Rd7 54. g6+ Kf8 55. Rb1 Rc7 56. Kg5
Ke7 57. Re1+ Kf8 58. Rh1 Rc2 59. Rh8+ Ke7 60. f6+ gxf6+ 61. Kh6 f5 62. Rh7+ Kf6
63. Rf7+ Ke6 64. Rxb7 Rh2+ 65. Kg7 f4 66. Kg8 Ke5 67. Kf7 f3 68. Rb5+ Ke4 69.
g7 f2 70. Rb1 Rg2 71. Rf1 Ke3 1/2-1/2

[Event "Iranian Final Chess Championship"]
[Site "?"]
[Date "2006.12.28"]
[Round "9"]
[White "Roghani, Arash"]
[Black "Ardeshi, Mehrdad"]
[Result "1-0"]
[WhiteElo "2383"]
[BlackElo "2379"]
[Annotator ",User"]
[PlyCount "113"]
[EventDate "2006.??.??"]
[TimeControl "240+2"]

{27MB, Fritz9.ctg, L4R} 1. d4 Nf6 2. c4 e5 3. dxe5 Ng4 4. Bf4 Nc6 5. Nf3 Bb4+
6. Nbd2 Qe7 7. e3 Ngxe5 8. Nxe5 Nxe5 9. Be2 O-O 10. O-O Bxd2 11. Qxd2 d6 12.
Rfd1 b6 13. b4 Bb7 14. c5 dxc5 15. bxc5 Ng6 16. Qd7 Qxd7 17. Rxd7 Nxf4 18. exf4
Bc6 19. Rxc7 Rfc8 20. cxb6 axb6 21. Rxc8+ Rxc8 22. Ba6 Re8 23. Bc4 Re4 24. Rc1
Kf8 25. Bb3 Bd7 26. g3 Bh3 27. Bc4 Rd4 28. Bb3 Rd3 29. Rc6 b5 30. Rc5 b4 31.
Rh5 Bg4 32. Rxh7 Kg8 33. Rh4 Bf3 34. f5 Rc3 35. Rc4 Bd5 36. Rxc3 bxc3 37. Bc2
Bxa2 38. f4 g6 39. fxg6 fxg6 40. Kf2 Kg7 41. Ke3 Kf6 42. h4 Be6 43. Kd4 Bf5 44.
Kxc3 Bxc2 45. Kxc2 Kf5 46. Kd3 Kg4 47. Ke3 Kxg3 48. h5 gxh5 49. f5 h4 50. f6 h3
51. f7 h2 52. f8=Q h1=Q 53. Qf4+ Kh3 54. Qf5+ Kg3 55. Qg5+ Kh3 56. Qh5+ Kg2 57.
Qg4+ 1-0

[Event "Iranian Final Chess Championship"]
[Site "?"]
[Date "2006.12.28"]
[Round "9"]
[White "Bagheri, Amir"]
[Black "Golizadeh, Asghar"]
[Result "1/2-1/2"]
[WhiteElo "2486"]
[BlackElo "2233"]
[Annotator ",User"]
[PlyCount "45"]
[EventDate "2006.??.??"]
[TimeControl "240+2"]

{27MB, Fritz9.ctg, L4R} 1. d4 e6 2. Nf3 c5 3. c4 Nf6 4. Nc3 a6 5. g3 cxd4 6.
Nxd4 Be7 7. Bg2 O-O 8. O-O Qc7 9. Qd3 d6 10. b3 Nbd7 11. Bb2 Ne5 12. Qd2 Nc6
13. Rfd1 Bd7 14. Rac1 Nxd4 15. Qxd4 Rfd8 16. a4 Qa5 17. Qd2 Qh5 18. Ba3 Bc6 19.
h3 Bf8 20. e4 Rd7 21. Qe3 Rad8 22. Ne2 Bxe4 23. g4 1/2-1/2

[Event "Iranian Final Chess Championship"]
[Site "?"]
[Date "2006.12.28"]
[Round "9"]
[White "Moosavian, S.Hamed"]
[Black "Ghaem Maghami, Ehsan"]
[Result "0-1"]
[WhiteElo "2345"]
[BlackElo "2580"]
[Annotator ",User"]
[PlyCount "68"]
[EventDate "2006.??.??"]
[TimeControl "240+2"]

{27MB, Fritz9.ctg, L4R} 1. e4 c5 2. Nf3 e6 3. d4 cxd4 4. Nxd4 a6 5. Nc3 Qc7 6.
Be2 b5 7. Bf3 Bb7 8. Qe2 Bc5 9. Nb3 Bd6 10. e5 Bxe5 11. Bxb7 Bxc3+ 12. bxc3
Qxb7 13. Ba3 Nf6 14. O-O Nc6 15. Qd2 d5 16. Qg5 Ne4 17. Qxg7 O-O-O 18. Nc5 Nxc5
19. Bxc5 Rhg8 20. Qf6 d4 21. Qf3 Rd5 22. cxd4 Nxd4 23. Bxd4 Rxd4 24. Qxb7+ Kxb7
25. Rfd1 Rgd8 26. Rxd4 Rxd4 27. Kf1 Kc6 28. Ke2 Kc5 29. Rb1 Ra4 30. Rb2 Rb4 31.
Rb3 Rxb3 32. axb3 a5 33. Kd2 Kb4 34. Kc1 Kc3 0-1

[Event "Iranian Final Chess Championship"]
[Site "?"]
[Date "2006.12.28"]
[Round "9"]
[White "Mahjoob, Morteza"]
[Black "Ghorbani, Mohsen"]
[Result "0-1"]
[WhiteElo "2465"]
[BlackElo "2304"]
[Annotator ",User"]
[PlyCount "152"]
[EventDate "2006.??.??"]
[TimeControl "240+2"]

{27MB, Fritz9.ctg, L4R} 1. e4 c5 2. Nf3 Nc6 3. Bb5 g6 4. O-O Bg7 5. c3 Qb6 6.
Qe2 Nf6 7. Na3 O-O 8. Rd1 d5 9. e5 Ne8 10. d4 cxd4 11. cxd4 Nc7 12. h3 Bd7 13.
Bxc6 Bxc6 14. Be3 f6 15. Qd2 a5 16. Nc2 Ne6 17. Nce1 Bb5 18. Nd3 Bxd3 19. Qxd3
Rfc8 20. b3 Rc6 21. Rdc1 Rac8 22. Rxc6 Rxc6 23. Rc1 Kf7 24. h4 h5 25. g3 Qc7
26. Rxc6 Qxc6 27. Qd2 a4 28. exf6 exf6 29. Qb4 axb3 30. axb3 Bf8 31. Qd2 Be7
32. Qc1 Qd7 33. Ne1 Bd8 34. Nd3 Bb6 35. Qb2 Qb5 36. Nf4 Nxf4 37. Bxf4 Qd3 38.
Be3 Bd8 39. Qa3 Be7 40. Qa4 Qa6 41. Qxa6 bxa6 42. f3 Ke6 43. g4 f5 44. gxh5
gxh5 45. Bg5 Bd6 46. Kf2 Kd7 47. Ke3 Kc6 48. Kd3 Kb5 49. Kc3 Bg3 50. Be7 Be1+
51. Kc2 a5 52. Bf6 Bg3 53. Be7 Bf2 54. Kd3 Bg1 55. Kc3 Be3 56. Bg5 Bg1 57. Bf6
Bf2 58. Be7 Be1+ 59. Kc2 Bb4 60. Bf6 Ba3 61. Bg5 Bd6 62. Kc3 Bg3 63. Be7 f4 64.
Kd3 Be1 65. Kc2 a4 66. bxa4+ Kxa4 67. Kd3 Kb3 68. Bg5 Bg3 69. Bf6 Kb2 70. Kd2
Bf2 71. Kd3 Be3 72. Be7 Kc1 73. Bb4 Kd1 74. Ba5 Bf2 75. Bc7 Bg3 76. Be5 Ke1 0-1

[Event "Iranian Final Chess Championship"]
[Site "?"]
[Date "2006.12.29"]
[Round "10"]
[White "Moradi, Behrooz"]
[Black "Ghorbani, Mohsen"]
[Result "1-0"]
[WhiteElo "2299"]
[BlackElo "2304"]
[Annotator ",User"]
[PlyCount "99"]
[EventDate "2006.??.??"]
[TimeControl "240+2"]

{27MB, Fritz9.ctg, L4R} 1. e4 c5 2. Nf3 e6 3. d4 cxd4 4. Nxd4 a6 5. Nc3 d6 6.
Be3 Be7 7. Qd2 Nf6 8. f3 h5 9. Be2 b5 10. a4 bxa4 11. Nxa4 Nfd7 12. O-O Bb7 13.
Bc4 Qc8 14. Qe2 Nc6 15. Nxe6 fxe6 16. Bxe6 Ncb8 17. Nb6 Nxb6 18. Bxc8 Nxc8 19.
Qc4 Nc6 20. Ra3 Nd8 21. Rb3 Bc6 22. Ra1 a5 23. Bd4 d5 24. exd5 Nd6 25. Qe2 Bxd5
26. Re3 Nc6 27. Rxe7+ Nxe7 28. Re1 Ndf5 29. Bc5 O-O 30. Bxe7 Nxe7 31. Qxe7 Bf7
32. Qa3 Rfc8 33. c3 Rcb8 34. Re2 a4 35. Qc5 Rc8 36. Qb4 Rcb8 37. Qf4 Rb7 38.
Qd4 a3 39. bxa3 Rxa3 40. c4 Ra8 41. c5 Rb1+ 42. Kf2 Rc1 43. h4 Rc4 44. Qd6 Rc8
45. Re5 Rc3 46. Rxh5 Ra8 47. Rg5 Rc2+ 48. Kg3 Raa2 49. Kh2 Re2 50. Qd4 1-0

[Event "Iranian Final Chess Championship"]
[Site "?"]
[Date "2006.12.29"]
[Round "10"]
[White "Ghaem Maghami, Ehsan"]
[Black "Mahjoob, Morteza"]
[Result "1/2-1/2"]
[WhiteElo "2580"]
[BlackElo "2465"]
[Annotator ",User"]
[PlyCount "97"]
[EventDate "2006.??.??"]
[TimeControl "240+2"]

{27MB, Fritz9.ctg, L4R} 1. d4 Nf6 2. c4 e6 3. g3 d5 4. Nf3 dxc4 5. Qa4+ c6 6.
Qxc4 b5 7. Qc2 Bb7 8. Bg2 Nbd7 9. O-O c5 10. Nc3 a6 11. Bg5 Qb6 12. Rad1 Rc8
13. Qd2 cxd4 14. Qxd4 Qxd4 15. Nxd4 Bxg2 16. Kxg2 Bb4 17. Bd2 O-O 18. Ne4 Be7
19. Nxf6+ Nxf6 20. Ba5 Rc4 21. b3 Rcc8 22. Rc1 Bc5 23. Rfd1 Nd5 24. e4 Ne7 25.
Nc2 Nc6 26. Bd2 h5 27. Be3 Be7 28. f4 f6 29. Rd3 Nb4 30. Nxb4 Bxb4 31. Rdd1 Ba3
32. Rxc8 Rxc8 33. Kf3 a5 34. Ke2 Kh7 35. Kd3 Kg6 36. Bd2 Bb4 37. Bxb4 axb4 38.
Ke2 h4 39. Kf3 Rc2 40. gxh4 Rxa2 41. f5+ exf5 42. exf5+ Kh5 43. Rd3 Kxh4 44.
Rd4+ Kg5 45. h4+ Kxf5 46. Rd5+ Ke6 47. Rxb5 Rh2 48. Rxb4 g6 49. Rb6+ 1/2-1/2

[Event "Iranian Final Chess Championship"]
[Site "?"]
[Date "2006.12.29"]
[Round "10"]
[White "Golizadeh, Asghar"]
[Black "Moosavian, S.Hamed"]
[Result "1-0"]
[WhiteElo "2233"]
[BlackElo "2345"]
[Annotator ",User"]
[PlyCount "127"]
[EventDate "2006.??.??"]
[TimeControl "240+2"]

{27MB, Fritz9.ctg, L4R} 1. e4 e6 2. d4 d5 3. Nc3 Bb4 4. e5 c5 5. a3 Bxc3+ 6.
bxc3 Qc7 7. Qg4 f5 8. Qg3 cxd4 9. cxd4 Ne7 10. c3 O-O 11. Bd2 b6 12. Ne2 Ba6
13. Nf4 Qd7 14. Bxa6 Nxa6 15. O-O Rac8 16. Rfe1 Nb8 17. Re3 Nbc6 18. Qh4 Rf7
19. Rh3 g6 20. Rg3 Rg7 21. Qh6 Kh8 22. Nh3 Nd8 23. Qh4 Nf7 24. Ng5 Nxg5 25.
Bxg5 Ng8 26. Re1 Rf7 27. Bf6+ Nxf6 28. exf6 Kg8 29. Rge3 Rc6 30. h3 Rf8 31. g4
Qf7 32. g5 h5 33. Qf4 Qd7 34. Qf3 Re8 35. Qe2 Kf7 36. Qb5 Rd6 37. a4 Rd8 38.
Rb1 a5 39. Qxd7+ R8xd7 40. Re2 Rc6 41. Reb2 Rdd6 42. Rb3 Ke8 43. Kf1 f4 44. Kg2
e5 45. dxe5 Re6 46. h4 Kf7 47. Rb5 Rxe5 48. Rxb6 f3+ 49. Kg3 Rxb6 50. Rxb6 Re4
51. Rb7+ Kf8 52. Rg7 Rg4+ 53. Kxf3 Rxh4 54. Rxg6 Rxa4 55. Rh6 Kf7 56. Rh7+ Kg8
57. Rg7+ Kf8 58. Rh7 Rg4 59. Rxh5 Rg1 60. Kf4 Rg2 61. Kf5 Rxf2+ 62. Kg6 Kg8 63.
f7+ Rxf7 64. Rh8+ 1-0

[Event "Iranian Final Chess Championship"]
[Site "?"]
[Date "2006.12.29"]
[Round "10"]
[White "Ardeshi, Mehrdad"]
[Black "Bagheri, Amir"]
[Result "1/2-1/2"]
[WhiteElo "2379"]
[BlackElo "2486"]
[Annotator ",User"]
[PlyCount "30"]
[EventDate "2006.??.??"]
[TimeControl "240+2"]

{27MB, Fritz9.ctg, L4R} 1. Nf3 Nf6 2. g3 d5 3. Bg2 c6 4. O-O Bg4 5. d3 Nbd7 6.
Nbd2 e6 7. b3 Bd6 8. Bb2 O-O 9. c4 a5 10. a3 Qe7 11. h3 Bh5 12. Qc2 Rfd8 13.
Rfe1 Bxf3 14. Nxf3 Bc5 15. e3 Bd6 1/2-1/2

[Event "Iranian Final Chess Championship"]
[Site "?"]
[Date "2006.12.29"]
[Round "10"]
[White "Alavi, Sayed Javad"]
[Black "Roghani, Arash"]
[Result "1-0"]
[WhiteElo "2368"]
[BlackElo "2383"]
[Annotator ",User"]
[PlyCount "97"]
[EventDate "2006.??.??"]
[TimeControl "240+2"]

{27MB, Fritz9.ctg, L4R} 1. e4 e6 2. d4 d5 3. Nc3 Bb4 4. Nge2 Nc6 5. a3 Ba5 6.
e5 f6 7. b4 Bb6 8. b5 Na5 9. Ng3 fxe5 10. dxe5 Qh4 11. f4 Ne7 12. Bd3 O-O 13.
Na4 Nf5 14. Bxf5 Rxf5 15. Nxb6 axb6 16. O-O Rf7 17. Ne2 Bd7 18. Nd4 Qe7 19. a4
c5 20. Nf3 h6 21. Be3 Nc4 22. Qe2 Nb2 23. Ra2 Nxa4 24. c4 d4 25. Rfa1 dxe3 26.
Qxe3 Qf8 27. g3 g5 28. Qd2 gxf4 29. g4 Be8 30. Rxa4 Rxa4 31. Rxa4 Rd7 32. Qc2
Qg7 33. h3 Bg6 34. Ra8+ Kh7 35. Qc1 Qf7 36. Ra2 Rd3 37. Rf2 Be4 38. Ne1 Rxh3
39. Rxf4 Qg6 40. Qd1 Bd3 41. Qd2 h5 42. Qg2 Re3 43. Qxb7+ Kh6 44. Ng2 Rxe5 45.
Qe7 Bf5 46. gxf5 Rxf5 47. Rxf5 Qxf5 48. Qd6 Qe4 49. Qf4+ 1-0

[Event "Iranian Final Chess Championship"]
[Site "?"]
[Date "2006.12.29"]
[Round "10"]
[White "Darban, Morteza"]
[Black "Toufighi, Homayoun"]
[Result "0-1"]
[WhiteElo "2396"]
[BlackElo "2386"]
[Annotator ",User"]
[PlyCount "82"]
[EventDate "2006.??.??"]
[TimeControl "240+2"]

{27MB, Fritz9.ctg, L4R} 1. c4 e5 2. a3 a5 3. Nc3 Nc6 4. e3 g6 5. d4 exd4 6.
exd4 Bg7 7. Nf3 Nge7 8. d5 Ne5 9. Nxe5 Bxe5 10. Bg5 h6 11. Bd2 d6 12. Bd3 Bf5
13. Bc2 O-O 14. Bxh6 Re8 15. Bg5 Bxc2 16. Qxc2 Bxc3+ 17. Qxc3 Nxd5+ 18. Kf1
Nxc3 19. Bxd8 Raxd8 20. bxc3 Re4 21. h4 Rxc4 22. Rh3 Re8 23. h5 gxh5 24. Rxh5
Re5 25. Rxe5 dxe5 26. Rc1 Ra4 27. Ra1 b5 28. Ke2 b4 29. Kd2 Rxa3 30. Rxa3 bxa3
31. Kc2 Kf8 32. Kb3 Ke7 33. Kxa3 Kd6 34. Ka4 Kc5 35. Kxa5 Kc4 36. f3 f5 37. g4
fxg4 38. fxg4 e4 39. g5 Kd5 40. Kb4 e3 41. c4+ Kd4 0-1

[Event "Iranian Final Chess Championship"]
[Site "?"]
[Date "2006.12.30"]
[Round "11"]
[White "Toufighi, Homayoun"]
[Black "Moradi, Behrooz"]
[Result "1-0"]
[WhiteElo "2386"]
[BlackElo "2299"]
[Annotator ",User"]
[PlyCount "109"]
[EventDate "2006.??.??"]
[TimeControl "240+2"]

{27MB, Fritz9.ctg, L4R} 1. e4 c5 2. Nf3 e6 3. c3 Nf6 4. e5 Nd5 5. d4 cxd4 6.
cxd4 d6 7. Nc3 Nxc3 8. bxc3 Qc7 9. Bd2 Nd7 10. Ng5 dxe5 11. Qh5 g6 12. Qf3 f5
13. Nxe6 Qd6 14. Nxf8 Rxf8 15. Bh6 Rf6 16. Bc4 e4 17. Qe2 Nb6 18. Bg7 Nxc4 19.
Bxf6 Be6 20. O-O Bd5 21. Be5 Qc6 22. Bf4 O-O-O 23. h4 Nb6 24. Rfe1 Bc4 25. Qd2
Nd5 26. Be5 Qe6 27. Qh6 Qf7 28. a4 a5 29. Rab1 b6 30. f3 Kb7 31. fxe4 fxe4 32.
Rf1 Qe7 33. Rfe1 Ka6 34. Rbc1 e3 35. Rxe3 Nxe3 36. Qxe3 Qxh4 37. Rb1 Rd5 38.
Qf3 Qe7 39. Qg4 Qd7 40. Qh4 Qf7 41. Rb2 Qf1+ 42. Kh2 Rd7 43. Bf4 Rf7 44. Be5
Rd7 45. Bf4 Rf7 46. Be3 g5 47. Qe4 Ka7 48. d5 Rb7 49. d6 Qd3 50. Qxd3 Bxd3 51.
Rxb6 Rd7 52. c4 Be4 53. c5 Ka8 54. c6 Rxd6 55. c7 1-0

[Event "Iranian Final Chess Championship"]
[Site "?"]
[Date "2006.12.30"]
[Round "11"]
[White "Roghani, Arash"]
[Black "Darban, Morteza"]
[Result "0-1"]
[WhiteElo "2383"]
[BlackElo "2396"]
[Annotator ",User"]
[PlyCount "120"]
[EventDate "2006.??.??"]
[TimeControl "240+2"]

{27MB, Fritz9.ctg, L4R} 1. d4 Nf6 2. c4 e6 3. Nc3 Bb4 4. e3 O-O 5. Bd3 d6 6.
Nge2 e5 7. a3 Bxc3+ 8. Nxc3 Nc6 9. d5 Ne7 10. O-O Nd7 11. f4 Nc5 12. Bc2 exf4
13. b4 Nd7 14. exf4 Nb6 15. Bb3 Nf5 16. Bb2 Ne3 17. Qd4 Nxf1 18. Ne4 f6 19. c5
Ne3 20. Qxe3 dxc5 21. Nxc5 Nxd5 22. Ne6 Nxe3 23. Nxd8+ Kh8 24. Nf7+ Rxf7 25.
Bxf7 Bd7 26. Rc1 Bc6 27. Kf2 Nf5 28. b5 Bxb5 29. Rxc7 Nd6 30. Bd5 Re8 31. Bd4
Re2+ 32. Kf3 Rd2 33. Bc5 Rxd5 34. Bxd6 Kg8 35. Bb4 Bc6 36. Ke3 h5 37. h4 a5 38.
Be7 Kf7 39. Bb4+ Ke6 40. Bc3 g6 41. Rg7 Kf5 42. Rf7 Rd6 43. g3 Be4 44. Bd4 Bd5
45. Rf8 Bc4 46. Rb8 Re6+ 47. Kd2 Ke4 48. Bc3 Rd6+ 49. Kc2 Bd3+ 50. Kc1 b6 51.
Rf8 Kf5 52. Kd2 Be4+ 53. Kc1 Rd3 54. Bxf6 Rxg3 55. Bd4+ Kg4 56. Bxb6 Rxa3 57.
Kb2 Ra4 58. Bd8 Rb4+ 59. Ka3 Rb8 60. Ka4 Ra8 0-1

[Event "Iranian Final Chess Championship"]
[Site "?"]
[Date "2006.12.30"]
[Round "11"]
[White "Moosavian, S.Hamed"]
[Black "Ardeshi, Mehrdad"]
[Result "0-1"]
[WhiteElo "2345"]
[BlackElo "2379"]
[Annotator ",User"]
[PlyCount "44"]
[EventDate "2006.??.??"]
[TimeControl "240+2"]

{27MB, Fritz9.ctg, L4R} 1. e4 c5 2. Nf3 e6 3. d4 cxd4 4. Nxd4 a6 5. Nc3 b5 6.
Be2 Bb7 7. Bf3 Qc7 8. Qe2 Bc5 9. Be3 Ne7 10. O-O O-O 11. e5 Bxf3 12. Qxf3 Bxd4
13. Qxa8 Bxe3 14. fxe3 Nec6 15. Kh1 Qxe5 16. Qb7 Qxe3 17. Rf3 Qe5 18. Raf1 f5
19. R3f2 d5 20. Re2 Qd6 21. Rd2 Na5 22. b3 Nxb7 0-1

[Event "Iranian Final Chess Championship"]
[Site "?"]
[Date "2006.12.30"]
[Round "11"]
[White "Mahjoob, Morteza"]
[Black "Golizadeh, Asghar"]
[Result "1-0"]
[WhiteElo "2465"]
[BlackElo "2233"]
[Annotator ",User"]
[PlyCount "89"]
[EventDate "2006.??.??"]
[TimeControl "240+2"]

{27MB, Fritz9.ctg, L4R} 1. e4 c5 2. Nf3 d6 3. Bb5+ Bd7 4. Bxd7+ Qxd7 5. O-O Nc6
6. c3 d5 7. e5 d4 8. cxd4 cxd4 9. d3 e6 10. Bf4 Nge7 11. Nbd2 Nd5 12. Bg3 Be7
13. Re1 O-O 14. Re4 Bc5 15. Rg4 Rfc8 16. a3 Nce7 17. Ne4 Nf5 18. Nf6+ Nxf6 19.
exf6 g6 20. Be5 Qb5 21. Rb1 Rd8 22. Re4 Rd5 23. g4 Nd6 24. a4 Qb4 25. Re2 Ne8
26. Rc1 Bd6 27. Rc4 Qb6 28. Qc1 Bxe5 29. Nxe5 Nxf6 30. Qf4 Rxe5 31. Rxe5 Qb3
32. h3 Nd7 33. Rb5 Qxd3 34. Qxd4 Qe2 35. Rc1 Nb6 36. Qe3 Qxe3 37. fxe3 Rb8 38.
Rc7 Rd8 39. a5 Rd1+ 40. Kf2 Nd5 41. Rcxb7 a6 42. Rb3 Rd2+ 43. Kf3 Rh2 44. Kg3
Rc2 45. Ra7 1-0

[Event "Iranian Final Chess Championship"]
[Site "?"]
[Date "2006.12.30"]
[Round "11"]
[White "Ghorbani, Mohsen"]
[Black "Ghaem Maghami, Ehsan"]
[Result "0-1"]
[WhiteElo "2304"]
[BlackElo "2580"]
[Annotator ",User"]
[PlyCount "68"]
[EventDate "2006.??.??"]
[TimeControl "240+2"]

{27MB, Fritz9.ctg, L4R} 1. d4 Nf6 2. Nf3 c5 3. d5 b5 4. Bg5 Ne4 5. Qd3 Nxg5 6.
Nxg5 h6 7. Nh7 Qb6 8. Nxf8 Kxf8 9. e4 c4 10. Qc3 Ba6 11. Qb4 d6 12. Nc3 Nd7 13.
Be2 Nc5 14. b3 Rb8 15. bxc4 bxc4 16. Qxb6 Rxb6 17. Kd2 e6 18. h4 Ke7 19. h5
Rhb8 20. Rh4 Nd7 21. f4 Nf6 22. Bf3 e5 23. fxe5 dxe5 24. Bg4 Ne8 25. Rf1 Nd6
26. a4 Nxe4+ 27. Nxe4 c3+ 28. Kxc3 Bxf1 29. Rh2 Rb4 30. d6+ Kd8 31. Bf5 Rc4+
32. Kd2 Rd4+ 33. Ke3 Rb2 34. g4 Bd3 0-1